 Dungeon Crawl Stone Soup version 0.27-a0-1456-gf5a116941d (webtiles) character file.

Game seed: 7256613792113362073

57 blackman the Firebug (level 4, -2/30 HPs)
             Began as a Human Fire Elementalist on July 5, 2021.
             Slain by a gnoll (7 damage)
             ... on level 1 of the Dungeon.
             The game lasted 00:10:37 (2875 turns).

blackman the Firebug (Human Fire Elementalist)      Turns: 2875, Time: 00:10:37

Health: -2/30      AC:  2    Str:  8    XL:     4   Next: 18%
Magic:  7/8        EV: 12    Int: 17    God:
Gold:   30         SH:  0    Dex: 13    Spells: 7/8 levels left

rFire    . . .     SeeInvis .   (no weapon)
rCold    . . .     Faith    .   (no shield)
rNeg     . . .     Spirit   .   a - +0 robe
rPois    .         Reflect  .   (no helmet)
rElec    .         Harm     .   (no cloak)
rCorr    .         Rampage  .   (no gloves)
Will     .....                  (no boots)
Stlth    ++........             (no amulet)
HPRegen  0.10/turn              (no ring)
MPRegen  0.11/turn              (no ring)

@: no status effects
A: no striking features
a: no special abilities


You were on level 1 of the Dungeon.
You visited 1 branch of the dungeon, and saw 2 of its levels.

You collected 30 gold pieces.

Inventory:

Missiles
 f - 12 poisoned darts
Armour
 a - a +0 robe (worn)
Scrolls
 c - a scroll of teleportation
 e - a scroll of magic mapping {unknown}
Potions
 d - a potion of might
 g - 2 potions of curing


   Skills:
 - Level 2.0 Dodging
 - Level 2.0 Stealth
 - Level 2.6 Spellcasting
 + Level 2.2 Conjurations
 + Level 3.7 Fire Magic


You had 7 spell levels left.
You knew the following spells:

 Your Spells              Type           Power      Damage    Failure   Level
a - Foxfire               Conj/Fire      48%        2x1d6     5%          1

Your spell library contained the following spells:

 Spells                   Type           Power      Damage    Failure   Level
 Conjure Flame            Conj/Fire      12%        6-21      16%         3
 Inner Flame              Hex/Fire       8%         N/A       26%         3
 Ignite Poison            Fire/Tmut/Pois 6%         N/A       32%         3
 Sticky Flame             Conj/Fire      12%        2d4       47%         4
 Fireball                 Conj/Fire      6%         3d5       83%         5


Dungeon Overview and Level Annotations

Branches:
Dungeon (2/15)

Altars:

Annotations:
D:1 exclusion: gnoll


Message History

The gnoll hits you with a +2 flail of protection.
Your foxfire dissipates!
The foxfire hits the gnoll.
The gnoll is lightly wounded.
Found a trident.
The gnoll shouts!
The gnoll hits you with a +2 flail of protection!
Casting: Foxfire (safe; 5% risk of failure)
Confirm with . or Enter, or press ? or * to list all spells.
You conjure some foxfire!
The gnoll barely misses you.
The foxfire hits the gnoll.
The gnoll is lightly wounded.
The foxfire hits the gnoll.
The gnoll is heavily wounded.
Casting: Foxfire (safe; 5% risk of failure)
Confirm with . or Enter, or press ? or * to list all spells.
You miscast Foxfire.
You are very lightly contaminated with residual magic.
Nothing appears to happen.
The gnoll completely misses you.
Your magical contamination has completely faded away.
You see here 10 sling bullets.
Things that are here:
a +0 club; a +0 robe; the human skeleton of Jessica
There is a stone staircase leading up here.
The gnoll hits you with a +0 whip.
You climb upwards.
Level annotation: exclusion: gnoll
There is a stone staircase leading down here.
Casting: Foxfire (safe; 5% risk of failure)
Confirm with . or Enter, or press ? or * to list all spells.
You conjure some foxfire!
The gnoll hits you with a +0 whip!
* * * LOW HITPOINT WARNING * * *
The foxfire hits the gnoll.
The gnoll is moderately wounded.
The foxfire hits the gnoll.
The gnoll is heavily wounded.
The gnoll hits you with a +0 whip.
* * * LOW HITPOINT WARNING * * *
The gnoll hits you with a +0 whip!
You die...

#.# #####.# #.#
#.....# #.# #.###.#
#.# #.# #.# #.# #.#
#.# #.#
#.###.###### #.#
#.##.......### #.#
#.##...g.....## ..#
#.##...ยง@..#..#
### #...####'####.#
#######
#####.......#.#
......# #.8.8.8.#.#
#####.#
###.......#.# # #.#
##.'.8.<.8.+.#
#.####..#.......###
#.......#.8.8.8.#
######.##.......#


You could see a gnoll.

Vanquished Creatures
  Jessica (D:2)
  2 dart slugs (D:1)
  2 goblins
  5 hobgoblins (D:1)
  2 jackals (D:1)
  A quokka (D:1)
  2 ball pythons (D:1)
  3 bats
  2 frilled lizards (D:1)
  3 kobolds
  5 rats
28 creatures vanquished.

Vanquished Creatures (others)
  78 foxfires
78 creatures vanquished.

Grand Total: 106 creatures vanquished

Notes
Turn   | Place    | Note
-------+----------+-------------------------------------------
     0 | D:1      | blackman the Human Fire Elementalist began the quest for
                  | the Orb.
     0 | D:1      | Reached XP level 1. HP: 13/13 MP: 3/3
   604 | D:1      | Reached XP level 2. HP: 10/19 MP: 1/5
  1837 | D:1      | Reached XP level 3. HP: 20/24 MP: 2/6
  2466 | D:2      | Noticed Jessica
  2471 | D:2      | Killed Jessica
  2472 | D:2      | Reached XP level 4. HP: 30/30 MP: 3/8
  2875 | D:1      | Slain by a gnoll

Illustrated notes

Levels and vault maps discovered:
D:1:      doesnt_arrival_eight_statues, layout_loops_ring, roderic_lattice_a
D:2:      layout_loops_ring, basic_altar, uniq_jessica

Skill      XL: |  1  2  3 |
---------------+----------+-----
Conjurations   | 2 |  2.2
Dodging        | |  2.0
Stealth        | |  2.0
Spellcasting   | |  2.6
Fire Magic     | |  3.7

Action                   |  1- 3 |  4- 6 || total
-------------------------+-------+-------++-------
Melee: Unarmed           |    45 |       ||    45
 Cast: Foxfire           |    47 |    10 ||    57
  Use: Scroll            |     2 |     2 ||     4
Armor: Robe              |    10 |     1 ||    11
Dodge: Dodged            |    85 |     4 ||    89

Table legend: (Time is in decaauts)
 A = Elapsed time spent in this place.
 B = Non-inter-level travel time spent in this place.
 C = Inter-level travel time spent in this place.
 D = Time resting spent in this place.
 E = Time spent auto-exploring this place.
 F = Levels seen in this place.
 G = Mean time per level.
                   A        B        C        D        E       F      G
               +--------+--------+--------+--------+--------+-----+--------+
         Total |   2875 |   2826 |     49 |   1121 |   1091 |   2 | 1437.5 |
       Dungeon |   2875 |   2826 |     49 |   1121 |   1091 |   2 | 1437.5 |
               +--------+--------+--------+--------+--------+-----+--------+

Top non-repeatable levels by time:
     D:1: 2483 daAuts
     D:2: 391 daAuts
